 Dungeon Crawl Stone Soup version 0.31.0-11-ge490571c62 (webtiles) character file.

Game seed: 12793545481183381446

23 qw the Shooter (level 2, -3/14 HPs)
             Began as a Spriggan Hunter on Feb 4, 2024.
             Killed from afar by a dart slug (6 damage)
             ... with a slug dart
             ... on level 1 of the Dungeon.
             The game lasted 00:00:01 (220 turns).

qw the Shooter (Spriggan Hunter)                     Turns: 220, Time: 00:00:01

Health: -3/14      AC:  2    Str:  7    XL:     2   Next: 75%
Magic:  3/3        EV: 19    Int: 10    God:
Gold:   9          SH:  0    Dex: 18    Spells: 1/1 levels left

rFire   . . .        a - +0 shortbow
rCold   . . .        (shield currently unavailable)
rNeg    . . .        c - +0 robe
rPois   .            (helmet restricted)
rElec   .            (no cloak)
rCorr   .            (gloves unavailable)
SInv    +            (boots unavailable)
Will    .....        (no amulet)
Stlth   ++           (no ring)
HPRegen 0.22/turn    (no ring)
MPRegen 0.08/turn

%: no passive effects
@: very quick
A: very small, no large weapons, unfitting armour, see invisible, speed 3
a: no special abilities


You were on level 1 of the Dungeon.
You visited 1 branch of the dungeon, and saw 1 of its levels.

You collected 9 gold pieces.


Innate Abilities, Weirdness & Mutations

You are very small and have problems with some larger weapons.
You are too small for most types of armour.
You have supernaturally acute eyesight. (SInv)
You cover ground extremely quickly. (Speed+++)


   Skills:
 - Level 1.5 Fighting
 + Level 4.3 Ranged Weapons
 - Level 4.0 Dodging
 - Level 1.5 Stealth


You had one spell level left.
You didn't know any spells.
Your spell library was empty.

Inventory:

Hand Weapons
 a - a +0 shortbow (weapon)
Armour
 c - a +0 robe (worn)
 d - a +2 hat
Scrolls
 b - a scroll of butterflies
 e - a scroll of identify {unknown}
Potions
 f - a potion of berserk rage {unknown}

Dungeon Overview and Level Annotations

Branches:
Dungeon (1/15)

Altars:


Message History

You shoot an arrow. The arrow misses the kobold.
The kobold completely misses you. The goblin closely misses you.
You shoot an arrow. The arrow barely misses the kobold.
The kobold barely misses you. The goblin hits you with a +0 club.
The kobold misses you. The goblin closely misses you.
You shoot an arrow. The arrow closely misses the kobold.
The kobold completely misses you. The goblin barely misses you.
You shoot an arrow. The arrow hits the kobold.
You kill the kobold!
The goblin hits you with a +0 club.
You shoot an arrow. The arrow hits the kobold.
You kill the kobold!
The bat hits you but does no damage. The bat completely misses you.
The goblin completely misses you.
You shoot an arrow. The arrow hits the bat.
The bat is severely wounded.
The bat barely misses you. The goblin barely misses you.
The bat closely misses you.
You shoot an arrow. The arrow hits the bat.
You kill the bat!
The goblin misses you. The goblin barely misses you.
You shoot an arrow. The arrow hits the dart slug!
The dart slug is almost dead.
The dart slug launches a dart at you. The slug dart hits you.
The goblin hits you with a +0 club.
You shoot an arrow. The arrow hits the dart slug.
You kill the dart slug!
The goblin misses you.
You shoot an arrow. The arrow hits the goblin!
You kill the goblin!
You start resting.
A dart slug comes into view.
You shoot an arrow. The arrow hits the dart slug!
The dart slug is almost dead.
You shoot an arrow.
The arrow hits the dart slug but does no damage.
The dart slug is almost dead.
The dart slug launches a dart at you. The slug dart hits you.
You die...

####### .....>.
#..... #.....
##.....##
.......)###
......#w@.# .....
###.# ###.
K..##.###.###.....
.b #.........# .
######.####
#....###.#
###......#
#..##### #.[##


You could see a dart slug.

Vanquished Creatures
  A dart slug (D:1)
  2 endoplasms (D:1)
  A giant cockroach (D:1)
  2 goblins (D:1)
  A hobgoblin (D:1)
  2 kobolds (D:1)
  5 ball pythons (D:1)
  3 bats (D:1)
  A rat (D:1)
18 creatures vanquished.

Notes
Turn   | Place    | Note
-------+----------+-------------------------------------------
     0 | D:1      | qw the Spriggan Hunter began the quest for the Orb.
     0 | D:1      | Reached XP level 1. HP: 10/10 MP: 2/2
     0 | D:1      | 0 ||| qw: Version: 0.3-a-160-g6735b56
     0 | D:1      | 0 ||| qw: Game counter: 5156
     0 | D:1      | 0 ||| qw: Melee chars always use a shield: true
     0 | D:1      | 0 ||| qw: God list: Okawaru
     0 | D:1      | 0 ||| qw: Allow faded altars: false
     0 | D:1      | 0 ||| qw: Do Orc after clearing Dungeon:15 true
     0 | D:1      | 0 ||| qw: Do second Lair branch before Depths: true
     0 | D:1      | 0 ||| qw: Lair rune preference: random
     0 | D:1      | 0 ||| qw: Goals: Normal
     0 | D:1      | 0 ||| PLANNING D:1-11
    41 | D:1      | Reached skill level 3 in Dodging
    72 | D:1      | Reached XP level 2. HP: 14/14 MP: 3/3
   201 | D:1      | 201 ||| RETREEEEATING.
   215 | D:1      | HP: 2/14 [goblin/+0 club (2)]
   220 | D:1      | Killed from afar by a dart slug

Levels and vault maps discovered:
D:1:      dpeg_arrival_court, layout_basic, minmay_split_cup_small

Skill      XL: |  1  2 |
---------------+-------+-----
Dodging        | 3 4 |  4.0
Fighting       | |  1.5
Ranged Weapons | |  4.3
Stealth        | |  1.5

Action                     || total
---------------------------++-------
   Fire: Shortbow          ||    52
 Armour: Robe              ||     8
  Dodge: Dodged            ||    42

Table legend:
 A = Non-vault XP
 B = Vault XP
 C = Vault XP percentage of total XP
 D = Non-vault monster count
 E = Vault monster count
 F = Vault count percentage of total count
                 A         B        C        D         E       F
            +---------+---------+-------+---------+---------+-------
      Total |      29 |       5 |  14.7 |      15 |       3 |  16.7
            +---------+---------+-------+---------+---------+-------
        D:1 |      29 |       5 |  14.7 |      15 |       3 |  16.7
            +---------+---------+-------+---------+---------+-------
